 Dungeon Crawl Stone Soup version 0.22.0-60-ga52c2fc (webtiles) character file.

142 ichi404 the Shield-Bearer (level 5, -6/47 HPs)
             Began as a Minotaur Fighter on Sept 10, 2018.
             Killed by nerve-wracking pain
             ... invoked by an orc priest
              (14 damage)
             ... on level 3 of the Dungeon.
             The game lasted 00:10:56 (883 turns).

ichi404 the Shield-Bearer (Minotaur Fighter)         Turns: 883, Time: 00:10:56

Health: -6/47      AC:  7    Str: 19 (21) XL:     5   Next: 4%
Magic:  4/4        EV:  7    Int:  5      God:
Gold:   31         SH: 10    Dex: 15      Spells: 4/4 levels left

rFire    . . .     SeeInvis .   a - +0 war axe
rCold    . . .     Gourm    .   c - +0 shield
rNeg     . . .     Faith    .   b - +0 scale mail
rPois    .         Spirit   .   (helmet restricted)
rElec    .         Reflect  .   (no cloak)
rCorr    .         Harm     .   (no gloves)
MR       .....                  (no boots)
Stlth    ..........             (no amulet)
HPRegen  0.15/turn              j - +5 ring of dexterity
MPRegen  0.09/turn              (no ring)

@: no status effects
A: retaliatory headbutt, horns 2
a: no special abilities


You were on level 3 of the Dungeon.
You were not hungry.

You visited 1 branch of the dungeon, and saw 3 of its levels.

You collected 31 gold pieces.

Inventory:

Hand Weapons
 a - a +0 war axe (weapon)
Armour
 b - a +0 scale mail (worn)
 c - a +0 shield (worn)
 e - a +0 ring mail
 g - a +0 hat
Jewellery
 i - an uncursed ring of fire {unknown}
 j - a +5 ring of dexterity (left hand)
Scrolls
 d - a scroll of amnesia
 h - a scroll of remove curse
Comestibles
 f - 5 rations


   Skills:
 + Level 4.4 Fighting
 + Level 3.9 Axes
 + Level 4.6 Armour
 + Level 0.1 Dodging
 + Level 4.7 Shields


You had 4 spell levels left.
You didn't know any spells.
Your spell library was empty.

Dungeon Overview and Level Annotations

Branches:
Dungeon (3/15)

Altars:


Innate Abilities, Weirdness & Mutations

You reflexively headbutt those who attack you in melee.
You have a pair of horns on your head.


Message History

The puff of flame hits you!
* * * LOW HITPOINT WARNING * * *
Your shield prevents you from hitting something.
You headbutt something. Something hits you but does no damage.
You hear some strange, mumbled words.
Something tries to affect you, but you resist.
The orc priest looks encouraged for a moment.
The orc wizard points at you and mumbles some strange words.
The magic dart hits something.
Reactivating autopickup.
You feel your intelligence returning.
You have reached level 5!
You feel a bit more experienced.
The orc wizard casts a spell.
The orc wizard blinks!
You hit the hobgoblin but do no damage. You headbutt the hobgoblin.
You kill the hobgoblin!
The orc priest mumbles some strange prayers to Beogh against you.
Pain shoots through your body!
You die...

#.. .#.. .#.o #.#
.#o# #.#########.#o#
#.#.........#.#
#..........##)#
#..@)..o.o.##'##
#......).......#####
#..........ยง.>......
#..............#####
#..........#####
#..........#
#..........#
#..........#
#..........#


You could see an orc priest and an orc.

Vanquished Creatures
  2 orc priests (D:3)
  A gnoll (D:1)
  An adder (D:2)
  An ooze (D:3)
  A worm (D:2)
  A dart slug (D:1)
  A leopard gecko (D:2)
  An orc (D:3)
  A giant cockroach (D:1)
  7 goblins
  2 hobgoblins
  4 jackals (D:3)
  4 kobolds
  A ball python (D:1)
  A bat (D:1)
  2 frilled lizards
  4 rats (D:2)
35 creatures vanquished.

Vanquished Creatures (others)
  An orc wizard (D:3)
1 creature vanquished.

Grand Total: 36 creatures vanquished

Notes
Turn   | Place    | Note
-------+----------+-------------------------------------------
     0 | D:1      | ichi404 the Minotaur Fighter began the quest for the Orb.
     0 | D:1      | Reached XP level 1. HP: 19/19 MP: 0/0
    36 | D:1      | Reached XP level 2. HP: 19/27 MP: 1/1
   587 | D:2      | Reached XP level 3. HP: 33/33 MP: 2/2
   823 | D:3      | Reached XP level 4. HP: 21/40 MP: 3/3
   880 | D:3      | Reached XP level 5. HP: 8/47 MP: 4/4
   883 | D:3      | Killed from afar by an orc priest

Skill      XL: |  1  2  3 |
---------------+----------+-----
Armour         | 4 |  4.6
Shields        | 4 |  4.7
Fighting       | 4 |  4.4
Axes           | 3 |  3.9
Dodging        | |  0.1

Action                   |  1- 3 |  4- 6 || total
-------------------------+-------+-------++-------
Melee: War axe           |    64 |    12 ||    76
       Headbutt          |    10 |     4 ||    14
  Use: Potion            |     4 |       ||     4
       Scroll            |     3 |     1 ||     4
Armor: Scale mail        |    26 |     5 ||    31
Dodge: Dodged            |    20 |     1 ||    21
Block: Shield            |    25 |     5 ||    30
